[ AOE2 MATCH · #504545655 ]
UnrankedWei vs Bengalis
Rival team · LOSS
[ REPLAY ANALYSIS · EXTRACTED FROM THE RECORDED GAME ]
Feudal
11:45
Castle
23:00
Imperial
—
| APM avg | 65.0 |
| APM peak | 102 |
| eAPM avg | 27.5 |
| Villagers / military | 87 / 33 |
Focus
⚔️ 54.0% · 🌾 46.0%
Unknown (1944) ×55 · Spearman ×13 · Scout Cavalry ×11 · Militia ×8 · Monk ×1
Feudal
9:20
Castle
—
Imperial
—
| APM avg | 57.2 |
| APM peak | 99 |
| eAPM avg | 24.8 |
| Villagers / military | 53 / 46 |
Focus
⚔️ 54.5% · 🌾 45.5%
Spearman ×18 · Archer ×17 · Scout Cavalry ×10 · Skirmisher ×1
Match map
Initial resources + every placement click. Lines = walls · curves = elevation contours. ◆ gold · ⬟ stone · ● berries · ✦ relic · ◌ wall gap
Your base· Open — unwalled flank
105er.Buttermilch's base· Open — unwalled flank
Smoothed initial terrain · ◌ = detected wall gap · hover for details
Inputs per minute
— Gérard William Franz Emilio - - 105er.Buttermilch
Build order — Gérard William Franz Emilio
First 150 of 256 actions detected
| 0:01 | Create | Villager (Male) ×4 |
| 0:01 | Create | Villager (Male) |
| 0:01 | Create | Villager (Male) |
| 0:02 | Build | House |
| 0:04 | Build | House |
| 1:20 | Create | Villager (Male) |
| 1:20 | Create | Villager (Male) |
| 1:20 | Create | Villager (Male) |
| 1:20 | Create | Villager (Male) |
| 1:51 | Create | Villager (Male) |
| 1:52 | Create | Villager (Male) |
| 1:52 | Create | Villager (Male) |
| 1:52 | Create | Villager (Male) |
| 2:04 | Build | Lumber Camp |
| 2:27 | Create | Villager (Male) |
| 2:27 | Create | Villager (Male) |
| 2:27 | Create | Villager (Male) |
| 2:27 | Create | Villager (Male) |
| 2:27 | Create | Villager (Male) |
| 2:35 | Create | Villager (Male) |
| 3:09 | Create | Villager (Male) |
| 3:09 | Create | Villager (Male) |
| 3:09 | Create | Villager (Male) |
| 3:09 | Create | Villager (Male) |
| 3:09 | Create | Villager (Male) |
| 3:31 | Build | House |
| 3:41 | Create | Villager (Male) |
| 3:41 | Create | Villager (Male) |
| 3:41 | Create | Villager (Male) |
| 3:41 | Create | Villager (Male) |
| 4:01 | Create | Villager (Male) |
| 4:01 | Create | Villager (Male) |
| 4:01 | Create | Villager (Male) |
| 4:01 | Create | Villager (Male) |
| 4:04 | Build | House |
| 4:29 | Create | Villager (Male) |
| 4:29 | Create | Villager (Male) |
| 4:29 | Create | Villager (Male) |
| 4:47 | Create | Villager (Male) |
| 4:47 | Create | Villager (Male) |
| 4:47 | Create | Villager (Male) |
| 4:47 | Create | Villager (Male) |
| 4:57 | Build | Barracks |
| 5:00 | Create | Villager (Male) |
| 5:20 | Build | House |
| 5:43 | Create | Villager (Male) |
| 5:54 | Create | Militia |
| 5:54 | Create | Militia |
| 5:54 | Create | Militia |
| 5:54 | Create | Militia |
| 5:54 | Create | Militia |
| 6:13 | Build | Mill |
| 6:20 | Create | Villager (Male) |
| 6:21 | Create | Militia |
| 6:32 | Create | Villager (Male) |
| 6:43 | Create | Militia |
| 7:00 | Create | Villager (Male) |
| 7:13 | Create | Villager (Male) |
| 7:17 | Build | Farm |
| 7:18 | Build | Farm |
| 7:46 | Create | Villager (Male) |
| 8:03 | Build | House |
| 8:14 | Create | Villager (Male) |
| 9:08 | Research | Loom |
| 9:12 | Build | Mill |
| 9:27 | Build | Farm |
| 9:28 | Build | Farm |
| 9:29 | Create | Villager (Male) |
| 9:35 | Research | Feudal Age |
| 9:35 | Research | Feudal Age |
| 9:35 | Research | Feudal Age |
| 9:35 | Research | Feudal Age |
| 9:35 | Research | Feudal Age |
| 9:35 | Research | Feudal Age |
| 9:47 | Build | Farm |
| 11:05 | Build | Lumber Camp |
| 11:11 | Create | Villager (Male) |
| 11:45 | Age | Feudal Age |
| 11:47 | Research | Man-at-Arms (upgrade) |
| 11:48 | Research | Double-Bit Axe |
| 11:50 | Create | Villager (Male) |
| 12:00 | Research | Horse Collar |
| 12:06 | Build | Palisade Wall |
| 12:07 | Build | Palisade Wall |
| 12:07 | Create | Spearman |
| 12:17 | Create | Spearman |
| 12:19 | Create | Villager (Male) |
| 12:31 | Build | Palisade Wall |
| 12:32 | Build | Palisade Wall |
| 12:33 | Build | House |
| 12:35 | Build | Palisade Wall |
| 12:55 | Create | Villager (Male) |
| 13:01 | Create | Spearman |
| 13:05 | Build | Blacksmith |
| 13:11 | Create | Spearman |
| 13:17 | Create | Villager (Male) |
| 13:28 | Build | Farm |
| 13:28 | Create | Villager (Male) |
| 13:32 | Create | Spearman |
| 13:46 | Create | Spearman |
| 13:54 | Research | Scale Mail Armor |
| 13:56 | Create | Villager (Male) |
| 14:01 | Build | Farm |
| 14:06 | Create | Spearman |
| 14:17 | Build | House |
| 14:21 | Create | Spearman |
| 14:25 | Create | Villager (Male) |
| 14:26 | Build | Farm |
| 14:44 | Create | Villager (Male) |
| 14:52 | Create | Spearman |
| 15:06 | Create | Spearman |
| 15:08 | Create | Villager (Male) |
| 15:11 | Build | Farm |
| 15:14 | Build | Lumber Camp |
| 15:16 | Create | Spearman |
| 15:30 | Build | Farm |
| 15:31 | Build | Farm |
| 15:31 | Build | Farm |
| 15:44 | Create | Villager (Male) |
| 15:45 | Research | Arson |
| 15:45 | Research | Arson |
| 15:52 | Build | Farm |
| 16:00 | Build | Farm |
| 16:04 | Create | Villager (Male) |
| 16:17 | Create | Spearman |
| 16:25 | Create | Villager (Male) ×3 |
| 16:26 | Build | Farm |
| 16:32 | Build | Farm |
| 16:37 | Build | Farm |
| 16:44 | Build | Farm |
| 16:48 | Build | House |
| 16:50 | Build | House |
| 16:59 | Research | Forging |
| 17:02 | Research | Town Watch |
| 17:05 | Build | Farm |
| 17:08 | Build | Farm |
| 17:22 | Create | Villager (Male) |
| 17:27 | Create | Spearman |
| 17:46 | Create | Militia |
| 18:05 | Create | Villager (Male) |
| 18:05 | Build | Farm |
| 18:09 | Build | Market |
| 18:12 | Build | Farm |
| 18:12 | Build | Farm |
| 18:25 | Research | Wheelbarrow |
| 18:30 | Create | Villager (Male) |
| 18:34 | Build | Mining Camp |
| 18:59 | Create | Villager (Male) |
| 19:02 | Build | Stable |
| 19:10 | Create | Villager (Male) |
Build order — 105er.Buttermilch
First 150 of 190 actions detected
| 0:01 | Create | Villager (Male) |
| 0:02 | Build | House |
| 0:03 | Build | House |
| 0:12 | Create | Villager (Male) |
| 0:24 | Create | Villager (Male) |
| 0:42 | Create | Villager (Male) |
| 1:22 | Create | Villager (Male) |
| 1:55 | Create | Villager (Male) |
| 1:57 | Build | Lumber Camp |
| 2:17 | Create | Villager (Male) |
| 2:41 | Create | Villager (Male) |
| 3:10 | Create | Villager (Male) |
| 3:27 | Build | House |
| 3:30 | Create | Villager (Male) |
| 3:58 | Create | Villager (Male) |
| 4:28 | Create | Villager (Male) |
| 4:33 | Create | Villager (Male) |
| 4:45 | Build | Mill |
| 4:50 | Create | Villager (Male) |
| 5:41 | Create | Villager (Male) |
| 5:53 | Create | Villager (Male) |
| 6:05 | Create | Villager (Male) |
| 6:13 | Build | House |
| 6:21 | Research | Loom |
| 7:10 | Research | Feudal Age |
| 7:20 | Build | House |
| 8:00 | Build | Barracks |
| 8:36 | Build | Palisade Wall |
| 8:42 | Build | Palisade Wall |
| 8:47 | Build | Palisade Wall |
| 9:01 | Build | Palisade Wall |
| 9:07 | Create | Villager (Male) |
| 9:08 | Create | Villager (Male) |
| 9:20 | Age | Feudal Age |
| 9:28 | Build | Stable |
| 9:51 | Create | Villager (Male) |
| 10:03 | Build | Palisade Wall |
| 10:05 | Build | Palisade Wall |
| 10:05 | Build | Palisade Wall |
| 10:10 | Create | Scout Cavalry |
| 10:14 | Create | Scout Cavalry |
| 10:16 | Create | Villager (Male) |
| 10:37 | Build | Lumber Camp |
| 10:39 | Create | Villager (Male) |
| 10:47 | Create | Scout Cavalry |
| 11:03 | Create | Scout Cavalry |
| 11:24 | Build | Palisade Wall |
| 11:34 | Build | House |
| 11:48 | Create | Scout Cavalry |
| 11:57 | Create | Villager (Male) |
| 11:59 | Build | Farm |
| 12:00 | Build | Farm |
| 12:00 | Build | Farm |
| 12:10 | Build | Palisade Wall |
| 12:11 | Build | Palisade Wall |
| 12:14 | Build | Palisade Wall |
| 12:16 | Build | Palisade Wall |
| 12:22 | Build | Palisade Wall |
| 12:29 | Build | Palisade Wall |
| 12:37 | Build | Palisade Wall |
| 12:39 | Build | Palisade Wall |
| 12:40 | Build | Palisade Wall |
| 12:42 | Build | Palisade Wall |
| 12:45 | Build | Palisade Wall |
| 12:47 | Build | Palisade Wall |
| 12:50 | Build | Palisade Wall |
| 12:52 | Build | Watch Tower |
| 12:56 | Create | Villager (Male) |
| 12:59 | Build | Farm |
| 13:02 | Build | House |
| 13:47 | Create | Villager (Male) |
| 13:50 | Build | Palisade Wall |
| 13:52 | Build | House |
| 13:53 | Create | Villager (Male) |
| 13:59 | Build | Palisade Wall |
| 14:05 | Create | Villager (Male) |
| 14:15 | Build | Farm |
| 14:15 | Build | Farm |
| 14:16 | Build | Farm |
| 14:17 | Build | Farm |
| 14:23 | Build | House |
| 14:26 | Build | Palisade Wall |
| 14:29 | Build | Palisade Wall |
| 14:31 | Create | Villager (Male) |
| 15:02 | Create | Villager (Male) |
| 15:13 | Create | Villager (Male) |
| 15:29 | Build | Mining Camp |
| 15:46 | Create | Villager (Male) |
| 15:52 | Research | Town Watch |
| 16:06 | Create | Villager (Male) |
| 16:08 | Build | Farm |
| 16:39 | Build | Archery Range |
| 16:44 | Create | Villager (Male) |
| 16:50 | Create | Villager (Male) |
| 17:20 | Create | Archer |
| 17:52 | Create | Archer |
| 18:01 | Create | Villager (Male) |
| 18:02 | Create | Villager (Male) |
| 18:15 | Create | Villager (Male) |
| 18:17 | Create | Villager (Male) |
| 18:25 | Build | House |
| 18:26 | Create | Archer |
| 18:42 | Build | Blacksmith |
| 18:46 | Build | Palisade Wall |
| 18:46 | Build | Palisade Wall |
| 19:00 | Create | Scout Cavalry |
| 19:00 | Create | Scout Cavalry |
| 19:14 | Build | House |
| 19:23 | Create | Archer |
| 19:27 | Research | Fletching |
| 19:31 | Create | Scout Cavalry |
| 19:41 | Create | Villager (Male) |
| 19:43 | Build | Farm |
| 19:45 | Build | Farm |
| 20:19 | Create | Villager (Male) |
| 20:20 | Create | Scout Cavalry |
| 20:21 | Create | Archer |
| 20:21 | Create | Archer |
| 20:29 | Create | Villager (Male) |
| 20:30 | Create | Archer |
| 20:32 | Build | Farm |
| 20:32 | Create | Villager (Male) |
| 20:36 | Build | Farm |
| 20:37 | Build | Farm |
| 20:46 | Research | Forging |
| 20:55 | Create | Archer |
| 21:44 | Create | Villager (Male) |
| 21:44 | Create | Archer |
| 21:45 | Create | Archer |
| 21:59 | Create | Villager (Male) |
| 22:05 | Create | Villager (Male) |
| 22:07 | Build | Farm |
| 22:07 | Build | Farm |
| 22:07 | Build | Farm |
| 22:11 | Build | House |
| 22:12 | Build | House |
| 22:25 | Build | Farm |
| 22:26 | Build | Farm |
| 22:30 | Create | Villager (Male) |
| 22:41 | Create | Villager (Male) |
| 22:51 | Research | Padded Archer Armor |
| 22:51 | Create | Scout Cavalry |
| 22:53 | Build | House |
| 22:54 | Build | House |
| 23:10 | Create | Archer |
| 23:21 | Build | Farm |
| 23:37 | Create | Spearman |
| 23:38 | Create | Spearman |
| 23:38 | Create | Spearman |
| 24:01 | Create | Villager (Male) |
Match timeline
| 4:57 | Gérard William Franz Emilio · first_building Barracks |
| 8:00 | 105er.Buttermilch · first_building Barracks |
| 8:36 | 105er.Buttermilch · wall_segment Palisade Wall x1 |
| 8:42 | 105er.Buttermilch · wall_segment Palisade Wall x1 |
| 8:47 | 105er.Buttermilch · wall_segment Palisade Wall x1 |
| 9:01 | 105er.Buttermilch · wall_segment Palisade Wall x1 |
| 9:20 | 105er.Buttermilch · age_up feudal |
| 9:28 | 105er.Buttermilch · first_building Stable |
| 10:03 | 105er.Buttermilch · wall_segment Palisade Wall x1 |
| 10:05 | 105er.Buttermilch · wall_segment Palisade Wall x1 |
| 10:05 | 105er.Buttermilch · wall_segment Palisade Wall x1 |
| 11:24 | 105er.Buttermilch · wall_segment Palisade Wall x1 |
| 11:45 | Gérard William Franz Emilio · age_up feudal |
| 12:06 | Gérard William Franz Emilio · wall_segment Palisade Wall x1 |
| 12:07 | Gérard William Franz Emilio · wall_segment Palisade Wall x1 |
| 12:10 | 105er.Buttermilch · wall_segment Palisade Wall x1 |
| 12:11 | 105er.Buttermilch · wall_segment Palisade Wall x1 |
| 12:14 | 105er.Buttermilch · wall_segment Palisade Wall x1 |
| 12:16 | 105er.Buttermilch · wall_segment Palisade Wall x1 |
| 12:22 | 105er.Buttermilch · wall_segment Palisade Wall x1 |
| 12:29 | 105er.Buttermilch · wall_segment Palisade Wall x1 |
| 12:31 | Gérard William Franz Emilio · wall_segment Palisade Wall x1 |
| 12:32 | Gérard William Franz Emilio · wall_segment Palisade Wall x1 |
| 12:35 | Gérard William Franz Emilio · wall_segment Palisade Wall x1 |
| 12:37 | 105er.Buttermilch · wall_segment Palisade Wall x1 |
| 12:39 | 105er.Buttermilch · wall_segment Palisade Wall x1 |
| 12:40 | 105er.Buttermilch · wall_segment Palisade Wall x1 |
| 12:42 | 105er.Buttermilch · wall_segment Palisade Wall x1 |
| 12:45 | 105er.Buttermilch · wall_segment Palisade Wall x1 |
| 12:47 | 105er.Buttermilch · wall_segment Palisade Wall x1 |
| 12:50 | 105er.Buttermilch · wall_segment Palisade Wall x1 |
| 13:50 | 105er.Buttermilch · wall_segment Palisade Wall x1 |
| 13:59 | 105er.Buttermilch · wall_segment Palisade Wall x2 |
| 14:26 | 105er.Buttermilch · wall_segment Palisade Wall x1 |
| 14:29 | 105er.Buttermilch · wall_segment Palisade Wall x1 |
| 16:39 | 105er.Buttermilch · first_building Archery Range |
| 18:46 | 105er.Buttermilch · wall_segment Palisade Wall x1 |
| 18:46 | 105er.Buttermilch · wall_segment Palisade Wall x1 |
| 19:02 | Gérard William Franz Emilio · first_building Stable |
| 19:33 | Gérard William Franz Emilio · first_market_sell 100 wood |
| 22:37 | Gérard William Franz Emilio · first_market_buy 100 food |
| 23:00 | Gérard William Franz Emilio · age_up castle |
| 24:41 | 105er.Buttermilch · wall_segment Palisade Wall x1 |
| 26:03 | Gérard William Franz Emilio · first_building Monastery |
| 26:28 | 105er.Buttermilch · wall_segment Palisade Wall x1 |
| 27:17 | 105er.Buttermilch · wall_segment Palisade Wall x1 |
| 27:19 | 105er.Buttermilch · wall_segment Palisade Wall x1 |
| 27:23 | 105er.Buttermilch · wall_segment Palisade Wall x1 |
| 28:20 | 105er.Buttermilch · resign |
[ AI ANALYSIS · 1 CREDIT ]
What really happened in this match?
Wolo.gg analyzes every decision: build order, eco, micro, common mistakes by bracket. Personalized analysis on WhatsApp or Discord in 30 seconds.
Civ guide
Wei
Perfil
gwfe